 Dungeon Crawl Stone Soup version 0.23-a0-143-g1adec7b (webtiles) character file.

333 galech the Chopper (level 6, 0/48 HPs)
             Began as a Demonspawn Monk on Sept 3, 2018.
             Slain by Blork the orc
             ... wielding a +2 dire flail of distortion
              (24 damage)
             ... on level 5 of the Dungeon.
             The game lasted 00:04:02 (2997 turns).

galech the Chopper (Demonspawn Monk)                Turns: 2997, Time: 00:04:03

Health: 0/48       AC: 14    Str: 12    XL:     6   Next: 27%
Magic:  6/6        EV:  6    Int: 11    God:
Gold:   277        SH:  0    Dex: 17    Spells: 5/5 levels left

rFire    + . .     SeeInvis .   r - +0 war axe
rCold    x . .     Gourm    .   (no shield)
rNeg     . . .     Faith    .   h - +0 chain mail
rPois    .         Spirit   .   (no helmet)
rElec    .         Reflect  .   (no cloak)
rCorr    .         Harm     .   (no gloves)
MR       .....                  (no boots)
Stlth    ..........             (no amulet)
HPRegen  0.16/turn              o - ring of fire
MPRegen  0.10/turn              (no ring)

@: sanguine armour
A: spiny 2, sanguine armour 1
a: no special abilities


You were on level 5 of the Dungeon.
You were not hungry.

You visited 1 branch of the dungeon, and saw 5 of its levels.

You collected 277 gold pieces.

Inventory:

Hand Weapons
 a - a +0 hand axe
 r - a +0 war axe (weapon)
Armour
 h - a +0 chain mail (worn)
Jewellery
 o - a ring of fire (left hand)
Wands
 q - a wand of disintegration (11)
 w - a wand of iceblast (10)
Scrolls
 b - 2 scrolls of teleportation {unknown}
 d - a scroll of immolation {unknown}
 g - a scroll of remove curse {unknown}
 i - 3 scrolls of identify {unknown}
 j - a scroll of blinking {unknown}
 l - 3 scrolls of magic mapping {unknown}
 p - 2 scrolls of enchant weapon {unknown}
 u - a scroll of random uselessness {unknown}
Potions
 e - a potion of brilliance {unknown}
 f - 4 potions of curing
 k - 5 potions of haste
 m - 2 potions of might {unknown}
 n - a potion of degeneration {unknown}
 s - a potion of ambrosia {unknown}
 t - a potion of invisibility {unknown}
 v - a potion of magic {unknown}
 x - 2 potions of flight {unknown}
 A - a potion of lignification {unknown}
Comestibles
 c - 12 rations
 z - 2 chunks of flesh


   Skills:
 + Level 3.9 Fighting
 + Level 5.0 Axes
 + Level 2.2 Armour
 + Level 3.1 Dodging
 + Level 2.3 Stealth


You had 5 spell levels left.
You didn't know any spells.
Your spell library contained the following spells:

 Spells                   Type           Power        Failure   Level  Hunger
 Confusing Touch          Hex            #.....       100%        1    ##.....
 Confuse                  Hex            #.......     100%        3    ####...
 Gell's Gravitas          Tloc           #.........   100%        3    ####...
 Petrify                  Tmut/Erth      #.......     100%        4    #####..
 Metabolic Englaciation   Hex/Ice        #.........   100%        5    ######.
 Yara's Violent Unravell  Hex/Tmut       #.........   100%        5    ######.


Dungeon Overview and Level Annotations

Branches:
Dungeon (5/15)
 Temple: D:4-7

Altars:
Makhleb
Nemelex Xobeh
Trog
Wu Jian
Yredelemnul

Annotations:
D:5 Blork the orc


Innate Abilities, Weirdness & Mutations

You are mostly covered in sharp spines.
When seriously injured, your bleeding wounds create armour. (AC +6)


Message History

You are too injured to fight recklessly!
You are too injured to fight recklessly!
You are too injured to fight recklessly!
You are too injured to fight recklessly!
You are too injured to fight recklessly!
You are too injured to fight recklessly!
You are too injured to fight recklessly!
You are too injured to fight recklessly!
You are too injured to fight recklessly!
You are too injured to fight recklessly!
You are too injured to fight recklessly!
You are too injured to fight recklessly!
You are too injured to fight recklessly!
You are too injured to fight recklessly!
You closely miss Blork the orc.
Blork the orc is heavily wounded.
Blork the orc hits you but does no damage.
Space warps horribly around you!
Ouch! That really hurt!
You die...

####
#.....#...#.............#
#.....#...#.............#
#.....#...#.............#
#.....#...#..........[..#
#.....#...'......[......'
#.....######.##...##..###
........###.##...##+##..
...<....#............#..
.......@#............#..
.......o#............#..
........'............#..
........#............#..
........#.(..........#..
........#...##o.######..
........#...##..##...###
........+...............
#...............


You could see Blork the orc.

Vanquished Creatures
  A centaur zombie (D:4)
  2 orc priests (D:4)
  2 orc wizards (D:4)
  2 worker ant zombies
  5 adders
  An ooze (D:1)
  5 adder zombies
  3 worms
  A dart slug (D:1)
  A leopard gecko (D:5)
  9 orcs
  6 giant cockroaches
  7 goblins
  7 hobgoblins
  6 jackals (D:1)
  A quokka (D:2)
  A ball python (D:4)
  A ball python skeleton (D:4)
  3 bats (D:1)
  6 frilled lizards
  8 kobolds
  2 quokka skeletons (D:4)
  A quokka zombie (D:4)
  9 rats
  A spectral orc (D:3)
91 creatures vanquished.

Notes
Turn   | Place    | Note
-------+----------+-------------------------------------------
     0 | D:1      | galech the Demonspawn Monk began the quest for the Orb.
     0 | D:1      | Reached XP level 1. HP: 18/18 MP: 1/1
    45 | D:1      | Gained mutation: When seriously injured, your bleeding
                  | wounds create armour. (AC +6) [demonic ancestry]
    45 | D:1      | Reached XP level 2. HP: 10/24 MP: 2/2
    50 | D:1      | Reached skill level 3 in Axes
   453 | D:1      | Gained mutation: You are partially covered in sharp spines.
                  | [demonic ancestry]
   453 | D:1      | Reached XP level 3. HP: 29/29 MP: 3/3
  1231 | D:2      | Reached XP level 4. HP: 17/35 MP: 4/4
  1408 | D:2      | Found an ornate altar of the Wu Jian Council.
  1687 | D:3      | Reached skill level 1 in Armour
  1758 | D:3      | Found a basalt altar of Yredelemnul.
  1916 | D:3      | Reached skill level 4 in Axes
  2251 | D:4      | Reached XP level 5. HP: 38/41 MP: 5/5
  2557 | D:4      | Gained mutation: You are mostly covered in sharp spines.
                  | [demonic ancestry]
  2557 | D:4      | Reached XP level 6. HP: 48/48 MP: 6/6
  2643 | D:4      | Found a burning altar of Makhleb.
  2646 | D:4      | Found a sparkling altar of Nemelex Xobeh.
  2649 | D:4      | Found a bloodstained altar of Trog.
  2707 | D:5      | Entered Level 5 of the Dungeon
  2724 | D:5      | Noticed Blork the orc
  2959 | D:5      | Reached skill level 5 in Axes
  2997 | D:5      | Slain by Blork the orc

Vault maps used:
D:1:      lemuel_arrival_broad_hall, minmay_strange_pillars
D:2:      overflow_temple_1_default
D:3:      yredelemnul_forgotten_temple_becter, nrook_mini_backslash,
          hangedman_decor_riveting
D:4:      grunt_temple_overflow_diamond, serial_undead, serial_undead_b,
          serial_undead_f, serial_undead_a, serial_undead_c, serial_undead_c
D:5:      first_ration, basic_altar, evilmike_ruin_ashenzari, uniq_blork_the_orc

Skill      XL: |  1  2  3  4  5  6 |
---------------+-------------------+-----
Axes           | 3 4 5 |  5.0
Dodging        | 3 |  3.1
Stealth        | 2 |  2.3
Armour         | 1 2 |  2.2
Fighting       | |  3.9

Action                   |  1- 3 |  4- 6 || total
-------------------------+-------+-------++-------
Melee: Hand axe          |   119 |    45 ||   164
       War axe           |       |    72 ||    72
 Stab: Sleeping          |     4 |       ||     4
  Eat: Chunk             |     1 |     6 ||     7
Armor: Robe              |    23 |       ||    23
       Ring mail         |     9 |       ||     9
       Chain mail        |    24 |    71 ||    95
Dodge: Dodged            |    63 |    36 ||    99

Table legend:
 A = Non-vault XP
 B = Vault XP
 C = Vault XP percentage of total XP
 D = Non-vault monster count
 E = Vault monster count
 F = Vault count percentage of total count
                 A         B        C        D         E       F
            +---------+---------+-------+---------+---------+-------
      Total |     390 |      87 |  18.2 |      81 |      10 |  11.0
            +---------+---------+-------+---------+---------+-------
        D:1 |      63 |       0 |   0.0 |      35 |       0 |   0.0
        D:2 |      56 |       0 |   0.0 |      13 |       0 |   0.0
        D:3 |      50 |       1 |   2.0 |      16 |       1 |   5.9
        D:4 |     191 |      86 |  31.0 |      12 |       9 |  42.9
        D:5 |      30 |       0 |   0.0 |       5 |       0 |   0.0
            +---------+---------+-------+---------+---------+-------
